 Dungeon Crawl Stone Soup version 0.31.0-32-g396128a36d (webtiles) character file.

Game seed: 2400691425291391725

1778 601d51SH the Trooper (level 9, -1/80 HPs)
             Began as a Hill Orc Fighter on Apr 2, 2024.
             Slain by an orc warrior
             ... wielding a +0 glaive
              (5 damage)
             ... on level 6 of the Dungeon.
             The game lasted 00:09:42 (4550 turns).

601d51SH the Trooper (Hill Orc Fighter)             Turns: 4550, Time: 00:09:42

Health: -1/80      AC: 15    Str: 23    XL:     9   Next: 8%
Magic:  9/9        EV:  8    Int:  8    God:
Gold:   353        SH:  0    Dex: 10    Spells: 8/8 levels left

rFire   + . .        n - +1 scythe (protect)
rCold   . . .        (shield currently unavailable)
rNeg    . . .        v - +0 plate armour
rPois   +            G - +0 hat
rElec   .            q - +1 cloak {Will+}
rCorr   .            (no gloves)
SInv    .            (no boots)
Will    +....        (no amulet) Stlth
                     s - ring of poison resistance
HPRegen 0.33/turn    A - ring of protection from fire
MPRegen 0.11/turn

%: no passive effects
@: no status effects
A: no striking features
a: no special abilities


You were on level 6 of the Dungeon.
You visited 2 branches of the dungeon, and saw 7 of its levels.

You collected 353 gold pieces.

Inventory:

Hand Weapons
 a - a +0 war axe
 n - a +1 scythe of protection (weapon)
 p - a +2 quarterstaff of chaos
 w - a +0 dagger of flaming
 H - a +3 flail
 I - a +5 trident
Missiles
 g - 11 poisoned darts (quivered)
 x - 2 boomerangs
Armour
 b - a +0 scale mail
 c - a +0 buckler
 q - a +1 cloak of willpower (worn)
 v - a +0 plate armour (worn)
 F - a +2 robe of cold resistance
 G - a +0 hat (worn)
Jewellery
 s - a ring of poison resistance (left hand)
 A - a ring of protection from fire (right hand)
 B - an amulet of magic regeneration
 K - a ring of ice
Talismans
 f - a serpent talisman
Wands
 J - a wand of mindburst (13)
Scrolls
 e - 5 scrolls of identify {unknown}
 h - a scroll of teleportation {unknown}
 j - 3 scrolls of amnesia {unknown}
 k - a scroll of fear {unknown}
 l - 2 scrolls of immolation
 r - 2 scrolls of blinking {unknown}
 y - a scroll of revelation {unknown}
 C - a scroll of torment {unknown}
 D - a scroll of fog {unknown}
Potions
 d - 2 potions of might
 i - 3 potions of attraction {unknown}
 m - 3 potions of mutation {unknown}
 o - 4 potions of curing {unknown}
 t - a potion of lignification {unknown}
 u - 3 potions of heal wounds {unknown}
 z - a potion of enlightenment {unknown}
 E - 3 potions of degeneration {unknown}


   Skills:
 + Level 7.6 Fighting
 - Level 4.3(6.0) Axes
 + Level 5.1(5.7) Polearms
 + Level 7.0 Armour
 + Level 4.1 Dodging
 - Level 4.3 Shields


You had 8 spell levels left.
You didn't know any spells.
Your spell library contained the following spells:

 Spells                   Type           Power      Damage    Failure   Level
 Blink                    Tloc           0%         N/A       100%        2
 Lesser Beckoning         Tloc           0%         N/A       100%        2
 Momentum Strike          Conj/Tloc      0%         3d8       100%        2
 Fugue of the Fallen      Necr           0%         N/A       100%        3
 Ozocubu's Armour         Ice            0%         N/A       100%        3
 Manifold Assault         Tloc           0%         N/A       100%        4


Dungeon Overview and Level Annotations

Branches:
Dungeon (6/15)             Temple (1/1) D:4

Altars:
Ashenzari
Dithmenos
Fedhas
Kikubaaqudgha
Nemelex Xobeh
Okawaru
Qazlal
Ru
Sif Muna
Trog
Uskayaw
Vehumet
Wu Jian
Xom
Zin
The Shining One

Shops:
D:4 [

Annotations:
D:3 exclusion: oklob plant
Temple 4 transporters


Message History

The orc wizard hits you but does no damage.
The orc warrior hits you from afar with a +0 glaive.
The iguana closely misses you. The iguana barely misses you.
The orc warrior hits you from afar with a +0 glaive!
The orc wizard hits you with a +0 dagger.
You slash the iguana!
You kill the iguana!
The orc wizard hits you but does no damage.
The orc warrior hits you but does no damage.
You barely miss the orc wizard.
The orc wizard mumbles some strange words.
The orc wizard flickers and vanishes!
Deactivating autopickup; reactivate with Ctrl-A.
The orc warrior hits you from afar with a +0 glaive.
You barely miss something.
You hear the slow rusting of a distant drain.
Something hits you but does no damage. The orc warrior barely misses you.
You miss something. Something hits you but does no damage.
The orc warrior hits you from afar with a +0 glaive.
The orc warrior hits you from afar with a +0 glaive!
Something hits you but does no damage.
You closely miss something. Something hits you but does no damage.
The orc warrior hits you from afar with a +0 glaive!
You hit something but do no damage.
Your weapon exudes an aura of protection.
The orc warrior hits you but does no damage.
You hear some strange, mumbled words.
Something tries to affect you, but you resist.
You miss something. Something hits you.
The orc warrior hits you from afar with a +0 glaive!
* * * LOW HITPOINT WARNING * * *
You barely miss something. Something hits you but does no damage.
The orc warrior hits you from afar with a +0 glaive!
* * * LOW HITPOINT WARNING * * *
Unknown command.
As you read the scroll labelled IRONIL GARENN, it crumbles to dust.
The creatures around you are filled with an inner flame!
It was a scroll of immolation.
The orc warrior hits you from afar with a +0 glaive.
You die...

#.# ###. #.# ... #.# #
#.. #.#.# #.. # ###.#.#
#.. #.. ..... #..
#....###.#############<.
.......@................
...##.##{##############.
# #o# .).. .o# #..##
##.# #.. #.# #. #.. ..
... #.


You could see an orc warrior (inner flame) and an orc (inner flame).

Vanquished Creatures
  Grinder (D:5)
  Sigmund (D:2)
  An ice beast (D:5)
  A black bear (D:5)
  An ogre (D:6)
  A phantom (D:4)
  Blork the orc (D:5)
  2 scorpions (D:4)
  3 wights (D:5)
  2 howler monkeys
  2 jellies
  Crazy Yiuf (D:2)
  2 bombardier beetles
  An orc priest (D:5)
  A hound (D:6)
  2 orc wizards (D:5)
  2 sleepcaps (D:5)
  Ijyb (D:5)
  4 iguanas
  Robin (D:4)
  4 gnolls (D:5)
  9 adders
  A white imp (D:5)
  3 dart slugs
  7 orcs
  7 ball pythons
  7 bats
  5 endoplasms
  2 giant cockroaches
  14 goblins
  7 hobgoblins
  10 kobolds
  A quokka (D:2)
  4 frilled lizards (D:1)
  2 rats
114 creatures vanquished.

Notes
Turn   | Place    | Note
-------+----------+-------------------------------------------
     0 | D:1      | 601d51SH the Hill Orc Fighter began the quest for the Orb.
     0 | D:1      | Reached XP level 1. HP: 19/19 MP: 1/1
    83 | D:1      | Reached XP level 2. HP: 27/27 MP: 2/2
   646 | D:2      | Reached XP level 3. HP: 32/33 MP: 3/3
   686 | D:2      | Found a sparkling altar of Nemelex Xobeh.
   731 | D:2      | Reached XP level 4. HP: 37/40 MP: 4/4
   835 | D:2      | Noticed Sigmund
   854 | D:2      | Killed Sigmund
   855 | D:2      | Reached skill level 1 in Dodging
   855 | D:2      | Reached XP level 5. HP: 7/47 MP: 5/5
   855 | D:2      | Reached XP level 6. HP: 8/55 MP: 6/6
  1022 | D:2      | Found a runed translucent door.
  1045 | D:2      | Noticed Crazy Yiuf
  1289 | D:2      | Killed Crazy Yiuf
  1290 | D:2      | Reached skill level 5 in Fighting
  1613 | D:3      | Reached skill level 1 in Polearms
  1995 | D:3      | Found a blossoming altar of Fedhas.
  2015 | D:3      | Noticed an oklob plant
  2576 | D:4      | Reached XP level 7. HP: 57/61 MP: 7/7
  2580 | D:4      | Reached skill level 5 in Armour
  2695 | D:4      | Noticed Robin
  2722 | D:4      | Killed Robin
  3107 | D:4      | Found a staircase to the Ecumenical Temple.
  3121 | Temple   | Found a transporter.
  3121 | Temple   | Found a transporter.
  3121 | Temple   | Found a transporter.
  3121 | Temple   | Found a transporter.
  3121 | Temple   | Entered the Ecumenical Temple
  3308 | D:4      | Found Xeh Tog's Antique Armour Shoppe.
  3598 | D:5      | Entered Level 5 of the Dungeon
  3651 | D:5      | Noticed Blork the orc
  3659 | D:5      | Killed Blork the orc
  3660 | D:5      | Reached XP level 8. HP: 62/70 MP: 8/8
  3699 | D:5      | Noticed Grinder
  3724 | D:5      | Killed Grinder
  3850 | D:5      | Noticed Ijyb
  3868 | D:5      | Killed Ijyb
  4463 | D:6      | Reached skill level 5 in Polearms
  4463 | D:6      | Reached XP level 9. HP: 79/79 MP: 9/9
  4549 | D:6      | HP: 4/80 [orc warrior/+0 glaive (13)]
  4550 | D:6      | Slain by an orc warrior

Illustrated notes

Levels and vault maps discovered:
D:1:      spicycebolla_arrival_xxxplode, layout_basic, dk_noncrumbling_2,
          minmay_misc_feat_iff, minmay_strange_pillars, grunt_decor_one_mirror
D:2:      layout_rooms, basic_altar, grunt_ministairs_1,
          uniq_crazy_yiuf_cottage, uniq_sigmund
D:3:      layout_basic, tgw_fedhas, kennysheep_generic_room_12
D:4:      layout_loops_ring, minmay_temple_entry_poolview, serial_shops, shop,
          serial_bayou, serial_bayou_pond_c, serial_bayou_pond_d,
          serial_bayou_lake_a, serial_bayou_shore_a, serial_bayou_pond_a,
          uniq_robin
D:5:      layout_basic, uniq_blork_the_orc, uniq_grinder, uniq_ijyb
D:6:      layout_basic, mainiacjoe_overflow_chevrons,
          nicolae_gozag_cash_rules_everything_around_me, gup_sewer_entry_glass
Temple:   hellmonk_temple_divided_pantheon

Skill      XL: |  1  2  3  4  5  6  7  8  9 |
---------------+----------------------------+-----
Axes           | 3 4 |  4.3
Fighting       | 4 5 6 7 |  7.6
Armour         | 4 5 6 7 |  7.0
Dodging        | 1 2 4 |  4.1
Shields        | 4 |  4.3
Polearms       | 1 3 5 |  5.1

Action                     |  1- 3 |  4- 6 |  7- 9 || total
---------------------------+-------+-------+-------++-------
  Melee: War axe           |    82 |    16 |       ||    98
         Halberd           |       |    83 |   214 ||   297
  Throw: Dart              |       |       |     1 ||     1
    Use: Scroll            |       |       |     1 ||     1
 Armour: Scale mail        |    61 |    60 |       ||   121
         Plate armour      |       |    17 |   232 ||   249
  Dodge: Dodged            |    48 |    51 |    64 ||   163
  Block: Buckler           |    32 |     4 |       ||    36
